 Dungeon Crawl Stone Soup version 0.30.1-4-g462c640d31 (webtiles) character file.

Game seed: 2566084832835716288

14338 Gorgoleon the Earth Mage (level 12, -8/68 HPs)
             Began as a Gargoyle Earth Elementalist on Aug 16, 2023.
             Was a Priest of Vehumet.
             Mangled by a yak (11 damage)
             ... on level 11 of the Dungeon on Aug 17, 2023.
             The game lasted 00:48:09 (12885 turns).

Gorgoleon the Earth Mage (GrEE)                    Turns: 12885, Time: 00:48:09

Health: -8/68      AC: 12    Str: 13    XL:     12   Next: 15%
Magic:  23/24      EV: 11    Int: 20    God:    Vehumet [***...]
Gold:   596        SH:  6    Dex: 10    Spells: 11/27 levels left

rFire   . . .        r - +2 whip (freeze)
rCold   . . .        p - +1 buckler
rNeg    + + .        a - +0 robe
rPois   ∞            (no helmet)
rElec   +            v - +0 cloak {Will+}
rCorr   .            g - +0 pair of gloves
SInv    .            (no boots)
Will    +....        (no amulet)
Stlth   ++           c - ring of positive energy
HPRegen 0.31/turn    (no ring)
MPRegen 0.19/turn

%: no passive effects
@: on berserk cooldown, slowed, very slow
A: sickness immunity, AC +8, negative energy resistance 1, electricity
resistance, torment resistance 1, petrification resistance
a: Renounce Religion


You were on level 11 of the Dungeon.
You worshipped Vehumet.
Vehumet was most pleased with you.
You visited 3 branches of the dungeon, and saw 13 of its levels.

You collected 764 gold pieces.
You spent 168 gold pieces at shops.

Inventory:

Hand Weapons
 r - a +2 whip of freezing (weapon)
Missiles
 u - 5 throwing nets
Armour
 a - a +0 robe (worn)
 b - +0 swamp dragon scales
 g - a +0 pair of gloves (worn)
 l - a scarf of repulsion
 p - a +1 buckler (worn)
 s - a +0 kite shield
 v - a +0 cloak of willpower (worn)
 C - +0 acid dragon scales
Jewellery
 c - a ring of positive energy (left hand)
 i - a +4 ring of protection
 m - a ring of flight
Wands
 e - a wand of roots (18)
 n - a wand of flame (20)
 o - a wand of charming (5)
 y - a wand of acid (5)
Scrolls
 j - 2 scrolls of blinking
 z - a scroll of fog
 A - 2 scrolls of magic mapping
Potions
 d - a potion of lignification
 f - 4 potions of curing
 h - 7 potions of flight
 k - a potion of mutation
 q - 3 potions of heal wounds
 w - 2 potions of cancellation
 x - 2 potions of haste {unknown}


   Skills:
 * Level 5.2 Fighting
 * Level 2.2 Dodging
 - Level 2.1 Stealth
 - Level 5.0 Shields
 * Level 8.3 Spellcasting
 * Level 5.2 Conjurations
 - Level 2.0 Transmutations
 * Level 8.1 Fire Magic
 - Level 15.0 Earth Magic


You had 11 spell levels left.
You knew the following spells:

 Your Spells              Type           Power      Damage    Failure   Level
a - Sandblast             Erth           100%       2d20      0%          1
b - Passwall              Tmut/Erth      35%        N/A       1%          2
c - Stone Arrow           Conj/Erth      96%        3d13      1%          3
d - Petrify               Tmut/Erth      42%        N/A       3%          4
e - Starburst             Conj/Fire      17%        6d6       26%         6

Your spell library contained the following spells:

 Spells                   Type           Power      Damage    Failure   Level
 Momentum Strike          Conj/Tloc      36%        3d9       1%          2
 Volatile Blastmotes      Fire/Tloc      48%        2d14      1%          3
 Dazzling Flash           Conj/Hex       36%        N/A       3%          3
 Poisonous Vapours        Pois/Air       16%        N/A       4%          2
 Mephitic Cloud           Conj/Pois/Air  15%        N/A       4%          3
 Wereblood                Tmut           16%        N/A       7%          2
 Summon Small Mammal      Summ           32%        N/A       11%         1
 Iskenderun's Mystic Bla  Conj/Tloc      18%        2d6       11%         4
 Arcjolt                  Conj/Air       9%         1d19      26%         5
 Call Canine Familiar     Summ           8%         N/A       32%         3
 Summon Guardian Golem    Hex/Summ       8%         N/A       32%         3
 Tukima's Dance           Hex            8%         N/A       32%         3
 Vhi's Electric Charge    Tloc/Air       16%        N/A       32%         3
 Freezing Cloud           Conj/Ice/Air   7%         6-21      34%         5
 Yara's Violent Unravell  Hex/Tmut       6%         3d5       43%         5
 Passage of Golubria      Tloc           8%         N/A       71%         4
 Summon Hydra             Summ           4%         N/A       100%        7
 Maxwell's Capacitive Co  Air            4%         ∞         100%        8
 Sublimation of Blood     Necr           Unusable   N/A       N/A         2

Dungeon Overview and Level Annotations

Branches:
Dungeon (11/15)            Temple (1/1) D:5            Lair (0/5) D:8
    Orc (1/2) D:10

Altars:
Ashenzari
Dithmenos
Elyvilon
Fedhas
Gozag
Hepliaklqana
Kikubaaqudgha
Makhleb
Nemelex Xobeh
Okawaru
Qazlal
Ru
Sif Muna
Trog
Uskayaw
Vehumet
Xom
Yredelemnul
Zin
The Shining One

Shops:
D:5 *   D:10 [*

Annotations:
D:5 2 transporters, 3 runed translucent doors, lxXxl's ghost, novice MiFi
Temple 4 transporters


Innate Abilities, Weirdness & Mutations

You are immune to sickness and miasma.
Your stone body is resilient. (AC +8)
You are immune to poison.
You resist negative energy. (rN+)
You are resistant to electric shocks. (rElec)
You are resistant to unholy torment.
You are immune to petrification.


Message History

The yak gores you but does no damage.
You hit the yak. You freeze the yak.
The yak is severely wounded.
The yak barely misses you. You block the yak's attack.
You barely miss the yak.
The yak is severely wounded.
The yak gores you but does no damage. The yak barely misses you.
The yak gores you!
* * * LOW HITPOINT WARNING * * *
The yak gores you.
* * * LOW HITPOINT WARNING * * *
You feel much better. The yak barely misses you. You block the yak's attack.
The yak gores you! The yak closely misses you.
You feel much better. The yak gores you. The yak gores you but does no damage.
Aiming: Sandblast (safe; 0% risk of failure)
Press: ? - help, Q - select action, (/) - cycle Shift-Dir - straight line, f - yak
Aim: a yak (severely wounded, 91% to hit)
The blast of sand hits the yak!
The yak is almost dead.
You block the yak's attack. The yak gores you. The yak barely misses you.
The yak closely misses you.
Aiming: Sandblast (safe; 0% risk of failure)
Press: ? - help, Q - select action, (/) - cycle Shift-Dir - straight line, f/p - yak
Aim: a yak (almost dead, 91% to hit)
The blast of sand hits the yak!!
You kill the yak!
Vehumet accepts your kill.
You feel your power returning. The yak gores you! The yak gores you.
You block the yak's attack. The yak barely misses you.
The yak gores you but does no damage.
Aiming: Sandblast (safe; 0% risk of failure)
Press: ? - help, Q - select action, (/) - cycle Shift-Dir - straight line, f - yak
Aim: a yak (91% to hit)
The blast of sand hits the yak but does no damage.
The yak gores you but does no damage. The yak gores you!
* * * LOW HITPOINT WARNING * * *
The yak gores you!
* * * LOW HITPOINT WARNING * * *
The yak gores you!
You die...

########### # ###### # #....# #
#....# ...#O # #....# .... #.
####@#..####... .. #.
#..YY#..#..#O.#####. .. #..
#....#..#....Y...... # #...
#....#..#........... # #...
#....#..#...........
#######..####....#######†.#####
#..................Y.OY.......#
#.............................#
#.............................#


You could see 2 yaks.

Vanquished Creatures
  Gastronok (D:8)
  Harold (D:9)
  3 two-headed ogres
  Pikel (D:6)
  A cyclops (D:10)
  A manticore (D:11)
  An elephant (D:7)
  Joseph (D:9)
  Maggie (D:6)
  2 trolls
  Prince Ribbit (D:5)
  Grinder (D:6)
  Sigmund (D:5)
  A shadow (D:11)
  20 yaks
  2 wyverns
  A steam dragon (D:8)
  Edmund (D:5)
  An acid dragon (D:9)
  2 water moccasins
  5 orc warriors
  2 black bears (D:8)
  2 ice beasts
  3 sky beasts (D:7)
  4 ogres
  6 centaurs
  2 phantoms
  A kobold brigand (D:7)
  3 bullfrogs
  A scorpion (D:5)
  A wyvern zombie (D:5)
  A gnoll sergeant (D:8)
  2 water moccasin zombies (D:5)
  A wyvern skeleton (D:5)
  5 wights (D:7)
  6 hounds
  2 centaur skeletons (D:5)
  7 orc priests
  Crazy Yiuf (D:7)
  2 sleepcaps
  2 iguanas
  8 orc wizards
  2 hound skeletons (D:5)
  Robin (D:3)
  15 gnolls
  4 adders
  A shadow imp (D:5)
  3 white imps
  An ufetubus (D:5)
  An adder skeleton (D:5)
  2 dart slugs
  50 orcs
  10 endoplasms
  4 giant cockroaches
  11 goblins
  13 hobgoblins
  4 jackals (D:1)
  3 quokkas
  5 ball pythons
  4 bats
  6 frilled lizards
  7 kobolds
  3 rats
261 creatures vanquished.

Vanquished Creatures (others)
  An adder skeleton (D:5)
1 creature vanquished.

Grand Total: 262 creatures vanquished

Notes
Turn   | Place    | Note
-------+----------+-------------------------------------------
     0 | D:1      | Gorgoleon the Gargoyle Earth Elementalist began the quest
                  | for the Orb.
     0 | D:1      | Reached XP level 1. HP: 10/10 MP: 3/3
    40 | D:1      | Found a faded altar of an unknown god.
   104 | D:1      | Reached skill level 1 in Transmutations
   106 | D:1      | Reached skill level 4 in Earth Magic
   116 | D:1      | Reached XP level 2. HP: 7/15 MP: 0/5
   211 | D:1      | Learned a level 2 spell: Passwall
   479 | D:1      | Reached XP level 3. HP: 19/19 MP: 3/6
   521 | D:1      | Learned a level 3 spell: Stone Arrow
   540 | D:1      | Reached skill level 5 in Earth Magic
   773 | D:1      | You fall into a shaft and drop 1 floor!
  1994 | D:3      | Noticed Robin
  2097 | D:3      | Reached XP level 4. HP: 24/24 MP: 7/7
  2129 | D:3      | Killed Robin
  2902 | D:4      | Reached skill level 1 in Fighting
  2992 | D:4      | Noticed an ogre
  2996 | D:4      | Killed an ogre
  2997 | D:4      | Reached skill level 1 in Conjurations
  2997 | D:4      | Reached skill level 6 in Earth Magic
  2997 | D:4      | Reached XP level 5. HP: 30/30 MP: 6/9
  3152 | D:4      | Reached XP level 6. HP: 35/35 MP: 6/10
  3331 | D:4      | Found an ancient bone altar of Kikubaaqudgha.
  3697 | D:5      | Entered Level 5 of the Dungeon
  3775 | D:4      | Reached skill level 7 in Earth Magic
  3883 | D:5      | Reached XP level 7. HP: 40/40 MP: 8/11
  3888 | D:5      | Learned a level 4 spell: Petrify
  3923 | D:5      | Found a radiant altar of Vehumet.
  3928 | D:5      | Noticed Prince Ribbit
  3934 | D:5      | Killed Prince Ribbit
  3935 | D:5      | Reached skill level 8 in Earth Magic
  3989 | D:5      | Became a worshipper of Vehumet
  4069 | D:5      | Reached skill level 9 in Earth Magic
  4201 | D:5      | Found a transporter.
  4201 | D:5      | Found a transporter.
  4216 | D:5      | Found a white marble altar of Elyvilon.
  4230 | D:5      | Reached XP level 8. HP: 44/44 MP: 8/12
  4259 | D:5      | Found a burning altar of Makhleb.
  4335 | D:5      | Found Koxatsosch's Neck Hole.
  4343 | D:5      | Bought a scarf of repulsion for 168 gold pieces
  4367 | D:5      | Reached skill level 10 in Earth Magic
  4407 | D:5      | Found a sparkling altar of Nemelex Xobeh.
  4727 | D:5      | Identified the +8 chain mail "Dousaigh" {Dex+3}
  4851 | D:5      | Noticed Sigmund
  4853 | D:5      | Killed Sigmund
  4854 | D:5      | Reached skill level 11 in Earth Magic
  5005 | D:5      | Noticed lxXxl's ghost (novice MiFi)
  5013 | D:5      | Found a runed translucent gate.
  5013 | D:5      | Found a runed translucent gate.
  5015 | D:5      | Found a runed translucent gate.
  5043 | D:5      | Found a staircase to the Ecumenical Temple.
  5043 | D:5      | Noticed Edmund
  5050 | D:5      | Killed Edmund
  5051 | D:5      | Reached XP level 9. HP: 49/49 MP: 2/15
  5061 | Temple   | Entered the Ecumenical Temple
  5061 | Temple   | Found a transporter.
  5061 | Temple   | Found a transporter.
  5141 | Temple   | Found a transporter.
  5141 | Temple   | Found a transporter.
  5425 | D:6      | Noticed Pikel
  5434 | D:6      | Killed Pikel
  5435 | D:6      | Reached skill level 5 in Spellcasting
  5596 | D:6      | Reached skill level 1 in Shields
  5630 | D:6      | Identified the +4 scale mail of Hopscotch {rC+ Str+4 SInv}
  5688 | D:6      | Noticed Grinder
  5691 | D:6      | Killed Grinder
  6198 | D:6      | Learned a level 6 spell: Starburst
  6467 | D:6      | Noticed Maggie
  6482 | D:6      | Killed Maggie
  6483 | D:6      | Reached skill level 12 in Earth Magic
  7062 | D:7      | Reached skill level 1 in Fire Magic
  7062 | D:7      | Reached XP level 10. HP: 56/56 MP: 16/19
  7343 | D:7      | Found a blossoming altar of Fedhas.
  7395 | D:7      | Reached * piety under Vehumet
  7395 | D:7      | Offered knowledge of Kiss of Death by Vehumet.
  7828 | D:7      | Found a glowing silver altar of Zin.
  7891 | D:7      | Found a runed translucent door.
  7892 | D:7      | Noticed Crazy Yiuf
  7904 | D:7      | Killed Crazy Yiuf
  8240 | D:8      | Found a staircase to the Lair.
  8240 | D:8      | Noticed an elephant
  8263 | D:7      | Killed an elephant
  8264 | D:7      | Reached skill level 13 in Earth Magic
  8270 | D:8      | Reached skill level 5 in Conjurations
  8362 | D:8      | Noticed Gastronok
  8374 | D:8      | Killed Gastronok
  8375 | D:8      | Reached XP level 11. HP: 42/62 MP: 14/23
  8383 | D:8      | Reached ** piety under Vehumet
  8383 | D:8      | Offered knowledge of Poisonous Vapours by Vehumet.
  8898 | D:8      | Reached skill level 5 in Fighting
  9090 | D:8      | Found a shimmering blue altar of Sif Muna.
  9497 | D:9      | Noticed a two-headed ogre
  9503 | D:8      | Killed a two-headed ogre
  9504 | D:8      | Reached skill level 14 in Earth Magic
  9976 | D:9      | Found a shadowy altar of Dithmenos.
 10241 | D:9      | Noticed Harold
 10302 | D:9      | Killed Harold
 10303 | D:9      | Reached skill level 15 in Earth Magic
 10396 | D:9      | Found a hazy altar of Hepliaklqana.
 10579 | D:9      | Noticed Joseph
 10586 | D:9      | Killed Joseph
 10587 | D:9      | Reached skill level 5 in Shields
 10885 | D:10     | Entered Level 10 of the Dungeon
 10885 | D:10     | Found a staircase to the Orcish Mines.
 10885 | D:10     | Found Sutacver's Armour Emporium.
 10993 | D:10     | Found Ceungeics's Overcharged Wands.
 11019 | D:10     | Reached skill level 5 in Fire Magic
 11108 | D:10     | Offered knowledge of Momentum Strike by Vehumet.
 11239 | D:10     | Noticed a cyclops
 11242 | D:10     | Killed a cyclops
 11474 | D:10     | Reached *** piety under Vehumet
 11614 | D:10     | Noticed a two-headed ogre
 11986 | D:9      | Killed a two-headed ogre
 12079 | D:10     | Found a broken altar of Ashenzari.
 12426 | D:11     | Noticed a manticore
 12434 | D:11     | Killed a manticore
 12510 | Orc:1    | Entered Level 1 of the Orcish Mines
 12680 | D:11     | Reached XP level 12. HP: 56/68 MP: 24/24
 12728 | D:11     | Found a blossoming altar of Fedhas.
 12832 | D:11     | Noticed a two-headed ogre
 12869 | D:11     | Killed a two-headed ogre
 12885 | D:11     | HP: 3/68 [yak (11)]
 12885 | D:11     | Mangled by a yak

Illustrated notes

Levels and vault maps discovered:
D:1:      scummos_arrival_star, layout_basic, basic_ecumenical_altar
D:2:      layout_loops_ring
D:3:      layout_basic, minmay_liquid_box, uniq_robin
D:4:      layout_basic, lemuel_coloured_pillars_altar,
          kennysheep_decorative_pillar
D:5:      layout_cave_pools, gammafunk_temple_overflow_arena,
          fiery_altar_vehumet, kennysheep_mini_moat,
          nemelex_xobeh_ov_fountains_minmay, minmay_temple_entry_nine_rooms,
          serial_undead, serial_undead_e, serial_undead_d, serial_undead_e,
          serial_undead_d, gammafunk_ghost_split,
          nicolae_shop_sticking_my_neck_out, uniq_edmund, uniq_prince_ribbit1,
          uniq_sigmund
D:6:      layout_loops_corners, minmay_tree_intersection, uniq_maggie,
          uniq_grinder, uniq_pikel
D:7:      layout_cave_pools, zin_treasury, marbit_many_paths, chequers_jeans,
          serial_bayou_pond_a, uniq_crazy_yiuf_cottage
D:8:      layout_loops_ring, tgw_sif, david_lair_generic, enter_bailey_4,
          minmay_misc_feat_doors, corexii_corridor_pit, uniq_gastronok
D:9:      layout_loops_ring, nicolae_hepliaklqana_hazy_memory,
          mainiacjoe_overflow_cross_hatched, eino_tiny_chamber, uniq_joseph,
          uniq_harold
D:10:     layout_gridville, evilmike_ruin_ashenzari, orc_david_3,
          nicolae_shop_overcharged_wands
D:11:     layout_grid_maze, fedhas_altar_fruit_tree
Temple:   hellmonk_temple_divided_pantheon
Orc:1:    layout_caves

Skill      XL: |  1  2  3  4  5  6  7  8  9 10 11 12 |
---------------+-------------------------------------+-----
Transmutations | 1 2 |  2.0
Earth Magic    | 4 5 6 7 9 11 12 13 15 | 15.0
Fighting       | 1 2 3 4 5 |  5.2
Spellcasting   | 3 4 6 8 |  8.3
Conjurations   | 1 2 3 4 5 |  5.2
Shields        | 2 3 5 |  5.0
Fire Magic     | 1 2 7 8 |  8.1
Dodging        | 2 |  2.2
Stealth        | |  2.1

Action                     |  1- 3 |  4- 6 |  7- 9 | 10-12 || total
---------------------------+-------+-------+-------+-------++-------
  Melee: Whip              |    50 |    31 |    28 |    50 ||   159
         Punch             |     1 |       |       |       ||     1
   Cast: Sandblast         |    45 |    62 |    95 |   239 ||   441
         Stone Arrow       |       |       |    28 |    23 ||    51
    Use: Scroll            |     2 |     6 |     5 |     8 ||    21
         Potion            |       |     1 |     1 |     5 ||     7
 Armour: Robe              |    29 |    18 |    24 |    70 ||   141
         Skin              |       |     6 |       |       ||     6
  Dodge: Dodged            |    41 |    35 |    64 |    79 ||   219
         Repelled          |       |       |     2 |       ||     2
  Block: Buckler           |       |       |     5 |    53 ||    58
